 Dungeon Crawl Stone Soup version 0.28-a0-793-g31680bbd8b (webtiles) character file.

Game seed: 1638042869912679448

5 a11behringer the Shield-Bearer (level 1, 0/18 HPs)
             Began as a Formicid Fighter on Nov 5, 2021.
             Slain by a hobgoblin (1 damage)
             ... on level 1 of the Dungeon.
             The game lasted 00:00:41 (66 turns).

a11behringer the Shield-Bearer (Formicid Fighter)     Turns: 66, Time: 00:00:41

Health: 0/18       AC:  6    Str: 20    XL:     1   Next: 88%
Magic:  1/1        EV:  9    Int:  7    God:
Gold:   9          SH:  4    Dex: 10    Spells: 0/0 levels left

rFire   . . .      SeeInvis +   a - +0 long sword
rCold   . . .      Faith    .   c - +0 buckler
rNeg    . . .      Spirit   .   b - +0 scale mail
rPois   .          Reflect  .   (helmet unavailable)
rElec   .          Harm     .   (no cloak)
rCorr   .          Rampage  .   (no gloves)
Will    .....                   (no boots)
Stlth   ..........              (no amulet)
HPRegen 0.06/turn               (no ring)
MPRegen 0.07/turn               (no ring)

@: no status effects
A: permanent stasis, dig shafts and tunnels, antennae 3, four strong arms
a: Dig, Shaft Self


You were on level 1 of the Dungeon.
You visited 1 branch of the dungeon, and saw 1 of its levels.

You collected 9 gold pieces.

Inventory:

Hand Weapons
 a - a +0 long sword (weapon)
 e - a +2 dagger of speed
Armour
 b - a +0 scale mail (worn)
 c - a +0 buckler (worn)
Potions
 d - a potion of might
 f - a potion of degeneration {unknown}


   Skills:
 + Level 3.4 Fighting
 * Level 2.0 Long Blades
 + Level 3.4 Armour
 + Level 3.8 Shields


You couldn't memorise any spells.
You didn't know any spells.
Your spell library was empty.

Dungeon Overview and Level Annotations

Branches:
Dungeon (1/15)

Altars:


Innate Abilities, Weirdness & Mutations

You cannot be hasted, slowed, berserked, paralysed or teleported.
You can dig through walls and to a lower floor.
You have a pair of large antennae on your head. (SInv)
Your four strong arms can wield two-handed weapons with a shield.


Message History

The hobgoblin hits you but does no damage. x2
Found a stone staircase leading down.
The ball python barely misses you. The ball python grabs you.
The ball python constricts you.
A dart slug comes into view.
The hobgoblin hits you. x2
You hit the ball python.
The ball python is heavily wounded.
A frilled lizard comes into view.
The ball python bites you but does no damage.
The ball python constricts you.
The hobgoblin hits you but does no damage.
The hobgoblin hits you. The ball python bites you.
The ball python constricts you.
You slash the ball python!
You kill the ball python!
The hobgoblin barely misses you. The hobgoblin closely misses you.
The dart slug launches a dart at you. You block the slug dart.
The hobgoblin hits you. x2
* * * LOW HITPOINT WARNING * * *
You barely miss the hobgoblin. The hobgoblin misses you.
The hobgoblin closely misses you. You block the hobgoblin's attack.
The hobgoblin hits you but does no damage.
You barely miss the hobgoblin.
The hobgoblin hits you but does no damage.
The hobgoblin closely misses you.
You barely miss the hobgoblin. The hobgoblin closely misses you.
The hobgoblin hits you but does no damage.
The frilled lizard bites you but does no damage.
You closely miss the hobgoblin. The hobgoblin hits you.
* * * LOW HITPOINT WARNING * * *
The hobgoblin completely misses you. The frilled lizard closely misses you.
The hobgoblin hits you but does no damage.
You barely miss the hobgoblin. The hobgoblin barely misses you.
The frilled lizard bites you but does no damage.
The hobgoblin barely misses you. You block the dart slug's attack.
The hobgoblin hits you but does no damage.
The frilled lizard closely misses you.
You completely miss the hobgoblin. The hobgoblin hits you.
You die...

####.##.##.......#
######..).....#
#.............# {
..............#
........?.....##
..................
..................
......g.g..........
#......@...........
#.....lw..........#
..................
#................
>...............
...............
.....###....>..
..... .#.###.


You could see a dart slug, 2 hobgoblins and a frilled lizard.

Vanquished Creatures
  A ball python (D:1)
  A giant cockroach (D:1)
  A goblin (D:1)
  A kobold (D:1)
4 creatures vanquished.

Notes
Turn   | Place    | Note
-------+----------+-------------------------------------------
     0 | D:1      | a11behringer the Formicid Fighter began the quest for the
                  | Orb.
     0 | D:1      | Reached XP level 1. HP: 18/18 MP: 1/1
    66 | D:1      | Slain by a hobgoblin

Illustrated notes

Levels and vault maps discovered:
D:1:      dpeg_arrival_round_b, layout_rooms, minmay_stone_trees_medium,
          hangedman_decor_points

Action                   || total
-------------------------++-------
Melee: Long sword        ||    15
Armor: Scale mail        ||    13
Dodge: Dodged            ||    17
Block: Buckler           ||     6

Table legend: (Time is in decaauts)
 A = Elapsed time spent in this place.
 B = Non-inter-level travel time spent in this place.
 C = Inter-level travel time spent in this place.
 D = Time resting spent in this place.
 E = Time spent auto-exploring this place.
 F = Levels seen in this place.
 G = Mean time per level.
                   A        B        C        D        E       F      G
               +--------+--------+--------+--------+--------+-----+--------+
         Total |     70 |     44 |     26 |      0 |      8 |   1 |   70.0 |
       Dungeon |     70 |     44 |     26 |      0 |      8 |   1 |   70.0 |
               +--------+--------+--------+--------+--------+-----+--------+

Top non-repeatable levels by time:
     D:1: 70 daAuts
